Map: Givre EC

Players

zidar

  • Race: Zerg Zerg
  • League: Platinum
  • Spawn Location: 7:00

Bexero - Winner!

  • Race: Zerg Zerg
  • League: Platinum
  • Spawn Location: 1:00

VOD

Have the link to the VOD?

Description

Time

  • Played on: Oct. 14, 2016, 11:42 a.m.
  • Length: 11:58
Show
View Real Time Build Order
Export as new Build Order

zidar Zerg 

Build Orders: Pool First 

Get SALT Encoding   

  12  0:01  Drone  
  13  0:13  Overlord  
  13  0:17  Drone  
  14  0:31  Drone x2  
  16  0:38  Drone  
  17  0:48  Spawning Pool  
  16  0:51  Drone  
  17  1:02  Extractor, Drone  
  17  1:22  Hatchery  
  16  1:26  Drone  
  17  1:35  Overlord  
  17  1:42  Queen  
  19  1:59  Roach Warren  
  18  2:05  Zergling x4  
  18  2:08  Zergling x2  
  21  2:20  Queen  
  22  2:48  Evolution Chamber  
  22  2:49  Drone x4  
  25  3:04  Roach x2  
  29  3:06  Roach  
  29  3:12  Roach  
  33  3:32  Zerg Missile Weapons Level 1  
  33  3:34  Roach  
  33  3:37  Overlord  
  35  3:56  Roach x4  
  43  4:17  Overlord  
  43  4:38  Roach x4  
  51  4:45  Overlord x3  
  51  5:07  Roach x4  
  51  5:08  Roach  
  61  5:26  Drone x5  
  63  5:56  Roach x5  
  39  6:27  Roach x4  
  45  6:39  Extractor  
  44  6:44  Extractor  
  43  6:47  Extractor  
  42  6:58  Drone x3  
  45  7:19  Roach x6  
  48  7:31  Drone x3  
  48  7:35  Lair  
  51  7:45  Drone  
  52  7:55  Ravager  
  53  8:01  Drone x4  
  53  8:02  Drone x2  
  53  8:04  Drone x2  
  53  8:05  Drone x2  
  63  8:14  Zerg Ground Armor Level 1  
  58  9:01  Queen  
  60  9:06  Roach x8  
  76  9:12  Overlord  
  76  9:14  Overlord  
  76  9:33  Spire  
  67  10:49  Mutalisk x4  
  69  10:52  Overlord x2  
  69  10:53  Overlord  
  75  11:14  Mutalisk x4  
  75  11:15  Mutalisk x5  
Show
View Real Time Build Order
Export as new Build Order

Bexero Zerg - Winner!

Build Orders: Hatch First 

Get SALT Encoding   

  12  0:00  Drone  
  13  0:13  Overlord  
  13  0:17  Drone  
  14  0:31  Drone x2  
  14  0:35  Drone  
  17  0:55  Hatchery  
  16  0:57  Drone  
  16  1:00  Drone  
  18  1:11  Extractor  
  18  1:16  Spawning Pool  
  16  1:19  Drone  
  16  1:22  Drone  
  18  1:29  Drone  
  19  1:45  Overlord  
  19  1:52  Drone  
  20  2:04  Queen  
  20  2:07  Queen  
  24  2:09  Zergling x4  
  24  2:14  Drone  
  27  2:31  Drone x3  
  30  2:38  Overlord  
  30  2:46  Drone  
  30  2:47  Queen, Drone  
  30  2:49  Metabolic Boost  
  34  2:55  Baneling Nest, Drone  
  34  3:18  Drone x5  
  34  3:19  Drone x5  
  44  3:32  Overlord x2  
  44  3:48  Extractor  
  43  4:00  Hatchery  
  42  4:09  Drone x3  
  45  4:13  Drone x3  
  45  4:14  Extractor  
  45  4:17  Extractor  
  46  4:18  Drone  
  46  4:19  Drone x2  
  46  4:22  Lair  
  49  4:33  Zergling x6  
  49  4:36  Overlord x3  
  52  4:53  Evolution Chamber  
  52  4:59  Roach Warren  
  50  5:02  Zergling x2  
  50  5:03  Zergling x18  
  59  5:40  Roach x11  
  81  5:54  Roach  
  81  5:57  Overlord x3  
  81  6:00  Glial Reconstitution  
  81  6:04  Queen  
  79  6:08  Baneling x3  
  79  6:09  Baneling  
  71  6:17  Queen  
  69  6:21  Overseer  
  65  6:29  Roach  
  65  6:30  Roach x8  
  83  6:39  Queen  
  83  6:44  Drone x3  
  83  6:45  Drone x4  
  90  7:21  Drone x3  
  90  7:22  Drone x5  
  94  7:31  Zerg Missile Weapons Level 1  
  94  7:44  Drone x6  
  96  7:45  Extractor x2, Drone  
  96  7:51  Roach x3  
  105  8:41  Roach  
  105  8:44  Overlord x8  
  105  8:45  Overlord  
  105  8:48  Overseer  
  105  8:51  Ravager  
  105  8:52  Ravager x6  
  106  9:16  Hatchery  
  105  9:26  Zerg Missile Weapons Level 2  
  105  9:29  Roach x10  
  105  9:30  Roach x3  
  129  9:53  Roach x10  
  129  9:57  Overseer  
  138  10:13  Roach x6  
  150  10:24  Roach x3  
  156  10:31  Overlord x2  
  156  10:32  Overlord x2  
  156  10:52  Roach x9  
  156  10:53  Roach x3  
  180  10:59  Infestation Pit  
  180  11:01  Spire  
Tags
 
Add a new tag
Caveats
  • Supply blocks, unpowered buildings, or Contaminate may cause inaccurate times.
  • Supply counts are checked every 10 seconds.